 Dungeon Crawl Stone Soup version 0.30.1-11-g7821555f0a (webtiles) character file.

Game seed: 5972553931797163755

24037 Edrieash the Covert (level 12, -11/52 HPs)
             Began as a Spriggan Enchanter on Dec 24, 2023.
             Was a High Priest of Hepliaklqana.
             Killed by divine providence
             ... invoked by a meliai
              (15 damage)
             ... on level 5 of the Lair of Beasts.
             The game lasted 00:57:52 (11067 turns).

Edrieash the Covert (Spriggan Enchanter)           Turns: 11067, Time: 00:57:53

Health: -11/52     AC:  5    Str:  8    XL:     12   Next: 77%
Magic:  14/23      EV: 20    Int: 19    God:    Hepliaklqana [*****.]
Gold:   342        SH:  4    Dex: 16    Spells: 4/24 levels left

rFire   + . .        t - +4 morningstar (distort)
rCold   . . .        r - +0 buckler of Indecent Exposure {Str+2}
rNeg    . . .        m - +1 robe {Will+}
rPois   .            (helmet restricted)
rElec   .            (no cloak)
rCorr   .            (gloves unavailable)
SInv    +            (boots unavailable)
Will    +++..        C - amulet of regeneration
Stlth   +++++        g - ring of protection from fire
HPRegen 1.08/turn    x - ring of wizardry
MPRegen 0.18/turn

%: wizardry (x1)
@: lethally poisoned (-11 -> -27), about to teleport, very quick
A: reduced essence, very small, no large weapons, unfitting armour, see
invisible, speed 3, iridescent scales 1, MP-powered wands
a: Renounce Religion, Recall Ancestor, Ancestor Identity, Transference, Idealise


You were on level 5 of the Lair of Beasts.
You worshipped Hepliaklqana.
Hepliaklqana was extremely pleased with you.
You visited 2 branches of the dungeon, and saw 14 of its levels.

You collected 706 gold pieces.
You spent 364 gold pieces at shops.

Inventory:

Hand Weapons
 t - a +4 morningstar of distortion (weapon)
Missiles
 j - 2 atropa-tipped darts (quivered)
 q - 5 javelins
Armour
 b - a +0 robe
 m - a +1 robe of willpower (worn)
 r - the +0 buckler of Indecent Exposure (worn) {Str+2}
   (You acquired it on level 5 of the Lair of Beasts)

   Str:       It affects your strength (+2).
Jewellery
 a - a +4 ring of protection
 f - a ring of ice
 g - a ring of protection from fire (left hand)
 h - a ring of magical power
 u - a ring of poison resistance
 v - an amulet of faith
 x - a ring of wizardry (right hand)
 C - an amulet of regeneration (around neck)
 D - an amulet of magic regeneration
Wands
 i - a wand of flame (20)
 n - a wand of mindburst (2)
 y - a wand of digging (1)
Scrolls
 d - 5 scrolls of amnesia
 p - 2 scrolls of silence
 s - a scroll of magic mapping
Potions
 e - 4 potions of haste
 l - 4 potions of flight
 o - 3 potions of brilliance
 z - 3 potions of mutation
 A - 2 potions of degeneration


   Skills:
 * Level 4.1 Fighting
 * Level 6.0 Short Blades
 * Level 6.5 Maces & Flails
 * Level 6.2 Ranged Weapons
 * Level 5.1 Throwing
 * Level 3.8 Armour
 * Level 7.5 Dodging
 * Level 10.4 Stealth
 * Level 1.0 Shields
 * Level 6.8 Spellcasting
 * Level 3.3 Conjurations
 * Level 7.5 Hexes
 * Level 6.3 Translocations
 * Level 1.2 Transmutations
 * Level 1.1 Fire Magic
 * Level 4.1 Ice Magic
 * Level 0.7 Poison Magic
 * Level 5.0 Invocations
 * Level 5.8 Evocations


You had 4 spell levels left.
You knew the following spells:

 Your Spells              Type           Power      Damage    Failure   Level
a - Ensorcelled Hibernat  Hex/Ice        56%        N/A       1%          2
b - Tukima's Dance        Hex            35%        N/A       1%          3
c - Confusing Touch       Hex            35%        N/A       1%          3
d - Dazzling Flash        Conj/Hex       54%        N/A       2%          3
e - Blink                 Tloc           60%        N/A       1%          2
f - Manifold Assault      Tloc           30%        N/A       4%          4
g - Ignite Poison         Fire/Tmut/Pois 10%        N/A       13%         3

Your spell library contained the following spells:

 Spells                   Type           Power      Damage    Failure   Level
 Cigotuvi's Dreadful Rot  Necr/Pois/Air  14%        N/A       9%          2
 Freezing Cloud           Conj/Ice/Air   7%         6-21      52%         5
 Storm Form               Tmut/Air       4%         N/A       100%        7


Dungeon Overview and Level Annotations

Branches:
Dungeon (9/15)             Temple (0/1) D:5            Lair (5/5) D:9
  Swamp: Lair:2-3    Shoals: Lair:2-3     Snake: Lair:2-3    Spider: Lair:2-3
  Slime: Lair:4-5       Orc: D:9-12

Altars:
Cheibriados
Hepliaklqana
Makhleb
Qazlal

Shops:
D:7 !


Innate Abilities, Weirdness & Mutations

Your life essence is reduced to manifest your ancestor. (-10% HP)
You are very small and have problems with some larger weapons.
You are too small for most types of armour.
You have supernaturally acute eyesight. (SInv)
You cover ground extremely quickly. (Speed+++)
You are partially covered in iridescent scales. (AC +2)
You expend magic power (3 MP) to strengthen your wands.


Message History

The queen bee stings Marbeii!
Your Invocations skill increases to level 5!
You feel sick.
The killer bee closely misses Marbeii.
A killer bee comes into view.
Marbeii casts a spell at the queen bee.
The queen bee appears confused.
Unknown command.
Aiming: Throw Flame
Press: ? - help, Shift-Dir - straight line, f - killer bee
Aim: a killer bee (almost dead, confused, slow, 79% to hit)
You feel a surge of power!
The puff of flame misses the killer bee. x2
The puff of flame misses the meliai.
You feel very sick.
The killer bee stings Marbeii.
The killer bee barely misses the meliai.
The queen bee stings Marbeii.
Marbeii is destroyed!
A killer bee comes into view.
The killer bee buzzes angrily.
Press: ? - help, v - describe, . - travel
Here: a meliai, wielding a +0 war axe and wearing a +0 robe The floor.
As you read the scroll of teleportation, it crumbles to dust.
You feel strangely unstable.
You feel very sick.
You hear an angry buzzing noise. x3
You block the meliai's attack. The meliai misses you.
The killer bee stings you but does no damage.
You feel sick.
The queen bee stings the killer bee!
The meliai attacks as you move away! The meliai hits you with a +0 war axe.
The meliai stings you!
* * * LOW HITPOINT WARNING * * *
You are lethally poisoned!
The meliai poisons you!
* * * LOW HITPOINT WARNING * * *
You feel very sick.
The meliai mumbles some strange prayers to its god against you.
Something smites you!
You die...

..# .....######
#.......# #P...##.P#
#......##
#....#..###......##
#yy....##.P......#
###yyy...##........#
#..††....#P.P.....##
#P..yy........P...#
#...y......###....##
###...@....###
###...# #..........#
#....## #.....†....#
####..# ###........#
.#.# #.P......## .#
## ###.......# ##
##..#..### ####
###...#### #..###
###.##.#.# ###...#.


You could see a queen bee (confused), a meliai and 6 killer bees.

Vanquished Creatures
  2 boulder beetles
  A skyshark (Lair:5)
  2 spectral death yaks (Lair:5)
  A wizard (D:9)
  A cyclops (D:9)
  An elephant (Lair:5)
  2 cane toads
  A black mamba (Lair:1)
  A dire elephant skeleton (Lair:5)
  A kobold demonologist (D:9)
  A komodo dragon (Lair:1)
  A torpor snail (Lair:5)
  A spectral elephant (Lair:5)
  Grinder (D:3)
  A blink frog (Lair:4)
  A wyvern (Lair:3)
  A wraith (D:9)
  A dire elephant simulacrum (Lair:5)
  14 yaks
  A steam dragon (D:9)
  A dancing weapon (D:8)
  3 spectral cane toads (Lair:5)
  4 water moccasins
  A black bear (D:5)
  An orc warrior (D:9)
  An ice beast (D:7)
  An elephant zombie (Lair:5)
  An elephant skeleton (Lair:5)
  An ogre (D:5)
  2 centaurs
  3 phantoms
  2 kobold brigands
  2 bullfrogs
  A scorpion (D:5)
  4 wights (D:7)
  3 killer bees (Lair:5)
  A howler monkey (D:7)
  7 jellies
  A gnoll bouda (Lair:4)
  A hound (D:6)
  2 orc priests
  4 hell rats (Lair:1)
  2 hexers
  4 iguanas
  A sleepcap (D:6)
  5 orc wizards
  9 adders
  A shadow imp (D:7)
  2 white imps (D:8)
  2 worms (D:2)
  3 dart slugs
  27 orcs
  5 endoplasms
  3 giant cockroaches
  6 hobgoblins
  8 jackals
  8 kobolds
  2 quokkas
  6 ball pythons
  5 bats
  3 frilled lizards
  5 goblins
  6 rats
196 creatures vanquished.

Vanquished Creatures (collateral kills)
  A two-headed ogre (D:8)
  2 necromancers (Lair:5)
  A cyclops (D:9)
  2 elephants (Lair:5)
  A black mamba (Lair:3)
  A komodo dragon (Lair:4)
  2 trolls
  2 polar bears
  Prince Ribbit (D:8)
  A hornet (D:9)
  3 blink frogs (Lair:4)
  11 yaks
  A basilisk (Lair:5)
  3 water moccasins
  2 orc warriors
  A sky beast (D:8)
  A black bear (D:8)
  An ogre (D:5)
  A centaur (D:9)
  A kobold brigand (D:6)
  A bullfrog (Lair:1)
  4 killer bees (Lair:5)
  A howler monkey (D:7)
  2 jellies
  A hound (D:6)
  An orc priest (D:8)
  Jessica (D:3)
  A hell rat (Lair:1)
  A sleepcap (D:6)
  An iguana (D:5)
  An orc wizard (D:6)
  3 adders
  4 orcs
  A giant cockroach (D:1)
  5 kobolds (D:6)
67 creatures vanquished.

Vanquished Creatures (others)
  3 dancing weapons
  8 hexers
11 creatures vanquished.

Grand Total: 274 creatures vanquished

Notes
Turn   | Place    | Note
-------+----------+-------------------------------------------
     0 | D:1      | Edrieash the Spriggan Enchanter began the quest for the
                  | Orb.
     0 | D:1      | Reached XP level 1. HP: 9/9 MP: 5/5
    94 | D:1      | Found a faded altar of an unknown god.
   102 | D:1      | Prayed at the altar of an unknown god.
   102 | D:1      | Became a worshipper of Hepliaklqana the Forgotten
   102 | D:1      | Reached * piety under Hepliaklqana
   227 | D:1      | Reached XP level 2. HP: 11/11 MP: 6/6
   230 | D:1      | Learned a level 2 spell: Ensorcelled Hibernation
   427 | D:1      | Reached skill level 5 in Stealth
   638 | D:1      | You fall into a shaft and drop 1 floor!
   698 | D:2      | Reached XP level 3. HP: 15/15 MP: 5/8
   702 | D:2      | Learned a level 3 spell: Tukima's Dance
  1084 | D:2      | Found a snail-covered altar of Cheibriados.
  1248 | D:2      | Reached ** piety under Hepliaklqana
  1249 | D:2      | Remembered your ancestor Marbeii as a hexer
  1676 | D:3      | Reached XP level 4. HP: 17/18 MP: 6/9
  1680 | D:3      | Learned a level 3 spell: Confusing Touch
  2042 | D:3      | Noticed Jessica
  2056 | D:3      | Killed Jessica
  2079 | D:3      | Noticed Grinder
  2096 | D:3      | Killed Grinder
  2097 | D:3      | Reached skill level 1 in Fighting
  2097 | D:3      | Reached skill level 1 in Throwing
  2097 | D:3      | Reached skill level 6 in Stealth
  2097 | D:3      | Reached skill level 1 in Ice Magic
  2097 | D:3      | Reached skill level 1 in Invocations
  2097 | D:3      | Reached XP level 5. HP: 22/22 MP: 5/11
  2097 | D:3      | Reached XP level 6. HP: 27/27 MP: 5/12
  2437 | D:3      | Reached skill level 1 in Armour
  2444 | D:3      | Reached skill level 1 in Ranged Weapons
  2584 | D:3      | Identified the +2 robe "Soiriog" {*Slow rF++ rC- Will+++}
  2980 | D:4      | Found a hazy altar of Hepliaklqana.
  3168 | D:4      | Found a stormy altar of Qazlal.
  3274 | D:4      | Found a burning altar of Makhleb.
  3274 | D:4      | Noticed a green death
  3278 | D:4      | Noticed a neqoxec
  3278 | D:4      | Noticed a smoke demon
  3381 | D:4      | Reached *** piety under Hepliaklqana
  3562 | D:5      | Entered Level 5 of the Dungeon
  3570 | D:5      | Reached XP level 7. HP: 29/29 MP: 13/13
  3592 | D:5      | Reached skill level 1 in Evocations
  3680 | D:5      | Found a staircase to the Ecumenical Temple.
  3952 | D:5      | Learned a level 3 spell: Dazzling Flash
  4142 | D:5      | Learned a level 2 spell: Blink
  4465 | D:6      | Reached XP level 8. HP: 34/34 MP: 12/15
  4540 | D:6      | Reached skill level 1 in Translocations
  4578 | D:6      | Reached skill level 1 in Maces & Flails
  4578 | D:6      | Reached skill level 7 in Stealth
  4578 | D:6      | Reached skill level 5 in Hexes
  5074 | D:6      | Reached skill level 1 in Conjurations
  5262 | D:7      | Reached **** piety under Hepliaklqana
  5499 | D:7      | Noticed a troll
  5518 | D:7      | Killed a troll
  5519 | D:7      | Reached XP level 9. HP: 12/37 MP: 14/16
  5723 | D:7      | Found Qicho's Distillery.
  5784 | D:7      | Bought a potion of curing for 39 gold pieces
  5784 | D:7      | Bought a potion of mutation for 104 gold pieces
  5784 | D:7      | Bought a potion of flight for 39 gold pieces
  5784 | D:7      | Bought a potion of lignification for 39 gold pieces
  5784 | D:7      | Bought a potion of mutation for 104 gold pieces
  5784 | D:7      | Bought a potion of curing for 39 gold pieces
  5784 | D:7      | Gained mutation: You are partially covered in iridescent
                  | scales. (AC +2) [potion of mutation]
  5784 | D:7      | Gained mutation: You expend magic power (3 MP) to
                  | strengthen your wands. [potion of mutation]
  6274 | D:8      | Noticed Prince Ribbit
  6295 | D:8      | Killed Prince Ribbit
  6296 | D:8      | Reached skill level 5 in Dodging
  6468 | D:8      | Noticed a troll
  6487 | D:8      | Killed a troll
  6638 | D:8      | Reached skill level 8 in Stealth
  6646 | D:8      | Reached XP level 10. HP: 12/42 MP: 13/18
  6647 | D:8      | Reached skill level 5 in Spellcasting
  6973 | D:8      | Noticed a two-headed ogre
  7017 | D:8      | Killed a two-headed ogre
  7212 | D:8      | Learned a level 4 spell: Manifold Assault
  7542 | D:9      | Found a staircase to the Lair.
  7550 | D:9      | HP: 1/43 [ice devil[a kobold demonologist] (16)]
  7795 | D:9      | Paralysed by a hornet for 3 turns
  7965 | D:9      | Noticed a cyclops
  7968 | D:9      | Noticed a boulder beetle
  7970 | D:9      | Noticed a cyclops
  8003 | D:9      | Banished a boulder beetle
  8244 | D:9      | Noticed a wizard
  8258 | D:9      | Killed a wizard
  8259 | D:9      | Reached skill level 5 in Ranged Weapons
  8398 | D:9      | Killed a cyclops
  8612 | D:9      | Killed a cyclops
  8613 | D:9      | Reached XP level 11. HP: 46/46 MP: 17/20
  8686 | Lair:1   | Entered Level 1 of the Lair of Beasts
  8729 | Lair:1   | Reached skill level 5 in Short Blades
  8990 | Lair:1   | Reached skill level 5 in Maces & Flails
  8990 | Lair:1   | Reached skill level 9 in Stealth
  9105 | Lair:1   | Reached ***** piety under Hepliaklqana
  9523 | Lair:3   | Reached skill level 5 in Translocations
  9527 | Lair:3   | Noticed a boulder beetle
  9593 | Lair:3   | Killed a boulder beetle
  9689 | Lair:4   | Reached skill level 5 in Evocations
  9703 | Lair:4   | Noticed a death yak
  9706 | Lair:4   | Noticed a death yak
  9718 | Lair:4   | Noticed a death yak
  9881 | Lair:5   | Entered Level 5 of the Lair of Beasts
 10059 | Lair:5   | Reached XP level 12. HP: 11/52 MP: 19/22
 10158 | Lair:5   | Reached skill level 10 in Stealth
 10173 | Lair:5   | Identified a scroll of acquirement
 10173 | Lair:5   | Acquired the +0 buckler of Indecent Exposure {Str+2}
 10435 | Lair:5   | Noticed a boulder beetle
 10480 | Lair:5   | Killed a boulder beetle
 10533 | Lair:5   | Noticed a dire elephant
 10535 | Lair:5   | Noticed a dire elephant
 10549 | Lair:5   | Noticed a dire elephant
 10569 | Lair:5   | Banished a dire elephant
 10679 | Lair:5   | Learned a level 3 spell: Ignite Poison
 10880 | Lair:5   | Reached skill level 5 in Throwing
 10938 | Lair:5   | Reached skill level 1 in Shields
 10953 | Lair:5   | Reached skill level 1 in Transmutations
 11033 | Lair:5   | Reached skill level 1 in Fire Magic
 11063 | Lair:5   | Reached skill level 5 in Invocations
 11067 | Lair:5   | Killed from afar by a meliai

Illustrated notes

Levels and vault maps discovered:
D:1:      dpeg_arrival_more_subterranean_lakeside_camping, layout_basic,
          shapermc_ecumenical_altar_petra, serial_bayou_pond_e
D:2:      layout_loops_ring, basic_altar, amcnicky_mini_rare_corridor_liquid
D:3:      layout_basic, uniq_jessica, uniq_grinder
D:4:      layout_basic, old_standard_altar, mainiacjoe_overflow_small_starburst,
          makhleb_altar_promises_db
D:5:      layout_loops_ring, minmay_temple_entry_statues_pillars
D:6:      layout_basic
D:7:      layout_basic, serial_shops, nicolae_shop_tiny_glass
D:8:      layout_loops_ring, serial_rivers, chequers_serial_rivers_large_a,
          chequers_serial_rivers_small_3, chequers_serial_rivers_room_a,
          chequers_serial_rivers_room_a, chequers_serial_rivers_micro_e,
          grunt_tough_drop, uniq_prince_ribbit1
D:9:      minmay_bloctagon_deflated, layout_rooms, lair_entry_dummy,
          amcnicky_mini_pool_small, minivault_11
Lair:1:   layout_small_grid, basic_altar, chequers_serial_rivers_micro_a,
          lemuel_fruit_fields, infiniplex_staircase_pool_2, uniq_nergalle
Lair:2:   layout_chaotic_city, hellmonk_spider_entry_life_and_decay,
          serial_rivers, chequers_serial_rivers_marsh,
          chequers_serial_rivers_micro_a, chequers_serial_rivers_micro_c,
          chequers_serial_rivers_micro_c, chequers_serial_rivers_small_3
Lair:3:   layout_regular_city, elwin_shoals_entry_rooms, beast_lair_carwin_11,
          lemuel_fruit_fields
Lair:4:   layout_roguey, nicolae_slime_entry_field_trip,
          dreamdust_gnoll_shepherd, serial_bayou_shore_b, serial_bayou_shore_a,
          lemuel_fruit_tree, grunt_megastairs_1
Lair:5:   due_jungle_book, layout_cave_pods, special_room [special_room_bee],
          pdpol_lair_cavern_descent

Skill      XL: |  1  2  3  4  5  6  7  8  9 10 11 12 |
---------------+-------------------------------------+-----
Stealth        | 5 6 7 8 9 10 | 10.4
Hexes          | 4 5 6 7 |  7.5
Dodging        | 3 4 5 6 7 |  7.5
Spellcasting   | 3 4 5 6 |  6.8
Fighting       | 1 2 3 4 |  4.1
Short Blades   | 2 3 4 5 6 |  6.0
Throwing       | 1 2 3 4 5 |  5.1
Ice Magic      | 1 2 3 4 |  4.1
Invocations    | 1 2 3 4 5 |  5.0
Armour         | 1 2 3 |  3.8
Ranged Weapons | 2 3 4 5 6 |  6.2
Evocations     | 1 2 3 4 5 |  5.8
Translocations | 2 3 4 5 6 |  6.3
Maces & Flails | 2 3 4 5 6 |  6.5
Conjurations   | 1 2 3 |  3.3
Shields        | 1 |  1.0
Transmutations | 1 |  1.2
Fire Magic     | 1 |  1.1
Poison Magic   | |  0.7

Action                     |  1- 3 |  4- 6 |  7- 9 | 10-12 || total
---------------------------+-------+-------+-------+-------++-------
  Melee: Dagger            |    66 |    32 |     1 |       ||    99
         Morningstar       |       |       |   122 |   323 ||   445
         Punch             |       |       |     1 |     6 ||     7
   Fire: Sling             |       |    42 |    43 |       ||    85
  Throw: Dart              |       |       |     5 |    17 ||    22
   Cast: Ensorcelled Hiber |    14 |    15 |     7 |     3 ||    39
         Tukima's Dance    |     2 |     1 |     6 |     6 ||    15
 Invoke: Ancestor Identity |     1 |       |       |       ||     1
         Recall Ancestor   |     4 |     3 |     6 |    14 ||    27
         Ancestor Life: He |     1 |       |       |       ||     1
         Idealise          |       |       |       |     1 ||     1
  Evoke: Wand              |       |       |    12 |    25 ||    37
    Use: Scroll            |     9 |     3 |     7 |    18 ||    37
         Potion            |       |     1 |     5 |    14 ||    20
   Stab: Sleeping          |    28 |     7 |     4 |     3 ||    42
         Distracted        |     3 |       |       |    12 ||    15
         Confused          |       |     1 |     2 |     6 ||     9
         Invisible         |       |       |     1 |     6 ||     7
 Armour: Robe              |     5 |     7 |    21 |    50 ||    83
         Skin              |       |       |     3 |       ||     3
  Dodge: Dodged            |    54 |    18 |   108 |   315 ||   495
  Block: Buckler           |       |       |       |    37 ||    37
